AoeStats
← EdibleHat

Scandinavia

510745879Analyzed
1v1 RM · 13h ago on Oct 2, 2026· 47m 1s· 2 players
Game mode
Random Map
Map size
Tiny (2 player)
Population
200
Speed
Normal
Resources
Standard
Victory
Conquest
Starting age
Dark Age
Ending age
Imperial Age
RankedLock teamsTeams togetherTeam positionsShared explorationLock speedFull tech treeHidden civsTurbo modeCheats
Victory
Defeat
🇩🇴 Bohemians · Dominican Republic
954
+16
🇬🇧 Berbers · United Kingdom
951
-16
EdibleHat
11:56 Feudal Age
10:11 Loom
13:07 Town Watch
13:29 Double-Bit Axe
18:50 Castle Age
17:12 Gold Mining
18:05 Fletching
18:16 Padded Archer Armor
19:57 Bow Saw
21:29 Bodkin Arrow
21:26 Stone Mining
21:55 Medium Warships
29:12 Horse Collar
30:26 Thumb Ring
31:12 Heavy Plow
30:59 Fishing Lines
34:49 Imperial Age
32:57 Wheelbarrow
33:40 Leather Archer Armor
33:36 Forging
34:40 Bloodlines
34:31 Husbandry
34:47 Light Cavalry
41:44 Scale Barding Armor
43:32 Chain Barding Armor
43:13 Heavy Camel Rider
43:34 Elite Skirmisher
45:43 Hussar
47:53 Conscription
Arietediron
11:49 Loom
14:55 Feudal Age
19:03 Castle Age
16:54 Double-Bit Axe
19:50 Forging
19:40 Scale Mail Armor
19:49 Scale Barding Armor
20:48 Wheelbarrow
22:10 Fervor
25:02 Arson
24:38 Pikeman
26:40 Padded Archer Armor
26:30 Fletching
26:47 Fishing Lines
29:46 Medium Warships
30:56 Bodkin Arrow
35:06 Imperial Age
36:27 Chemistry
35:45 Leather Archer Armor
37:10 Elite Skirmisher
38:24 Ring Archer Armor
38:41 Cavalier
43:23 Ballistics
43:00 Murder Holes
Connection lost

Rejoining the realm…

Still unreachable

The connection could not be restored.

Session expired

The server has moved on; the page needs a fresh start.